[ AOE2 MATCH · #458099781 ]
UnrankedMuisca vs Franks
[ REPLAY ANALYSIS · EXTRACTED FROM THE RECORDED GAME ]
Feudal
12:45
Castle
27:23
Imperial
—
| APM avg | 22.9 |
| APM peak | 51 |
| eAPM avg | 13.3 |
| Villagers / military | 67 / 4 |
Focus
⚔️ 26.2% · 🌾 73.8%
Unknown (2550) ×19 · Spearman ×4
Feudal
14:43
Castle
26:32
Imperial
—
| APM avg | 39.3 |
| APM peak | 80 |
| eAPM avg | 14.9 |
| Villagers / military | 68 / 0 |
Focus
⚔️ 38.6% · 🌾 61.4%
Unknown (2550) ×29
Feudal
12:55
Castle
16:40
Imperial
—
| APM avg | 36.6 |
| APM peak | 64 |
| eAPM avg | 17.9 |
| Villagers / military | 69 / 28 |
Focus
⚔️ 37.6% · 🌾 62.4%
Knight ×28
Feudal
9:25
Castle
24:04
Imperial
—
| APM avg | 44.5 |
| APM peak | 104 |
| eAPM avg | 22.7 |
| Villagers / military | 54 / 31 |
Focus
⚔️ 42.5% · 🌾 57.5%
Archer ×21 · Cavalry Archer ×10
Feudal
10:45
Castle
24:53
Imperial
—
| APM avg | 20.3 |
| APM peak | 50 |
| eAPM avg | 8.7 |
| Villagers / military | 36 / 29 |
Focus
⚔️ 39.7% · 🌾 60.3%
Archer ×28 · Spearman ×1
Feudal
12:32
Castle
16:02
Imperial
20:56
| APM avg | 56.2 |
| APM peak | 98 |
| eAPM avg | 21.0 |
| Villagers / military | 62 / 28 |
Focus
⚔️ 19.5% · 🌾 80.5%
Hand Cannoneer ×25 · Bombard Cannon ×2 · Battering Ram ×1
Match map
Initial resources + every placement click. Lines = walls · curves = elevation contours. ◆ gold · ⬟ stone · ● berries · ✦ relic · ◌ wall gap
Your base· ✓ Closed at 27:23 · 24t walls · 1 gate(s)
Trooperone1's base· ✓ Closed at 26:32 · 21t walls · 2 gate(s)
Gavagai's base· ✓ Closed at 16:40 · 17t walls · 2 gate(s)
mictlantecuhtli's base· ✓ Closed at 24:04 · 11t walls · no gate
Taulipang's base· ✓ Closed at 24:53 · 69t walls · 2 gate(s)
[LPDA] Heraldo's base· ✓ Closed at 16:02 · 0t walls · 1 gate(s)
Smoothed initial terrain · ◌ = detected wall gap · hover for details
Inputs per minute
— TheSaltMill - - Trooperone1
Build order — TheSaltMill
First 150 of 165 actions detected
| 0:01 | Create | Villager (Male) |
| 0:03 | Create | Villager (Male) |
| 0:04 | Create | Villager (Male) |
| 0:04 | Create | Villager (Male) |
| 0:10 | Build | House |
| 0:18 | Build | House |
| 1:33 | Create | Villager (Male) |
| 2:15 | Build | Settlement |
| 2:50 | Create | Villager (Male) |
| 2:50 | Create | Villager (Male) |
| 3:39 | Create | Villager (Male) |
| 3:39 | Create | Villager (Male) |
| 4:02 | Create | Villager (Male) |
| 4:44 | Create | Villager (Male) |
| 4:50 | Build | House |
| 4:52 | Build | House |
| 5:35 | Create | Villager (Male) |
| 5:35 | Create | Villager (Male) |
| 5:35 | Create | Villager (Male) |
| 6:24 | Create | Villager (Male) |
| 6:25 | Create | Villager (Male) |
| 6:30 | Create | Villager (Male) |
| 7:38 | Build | Settlement |
| 7:49 | Create | Villager (Male) |
| 7:49 | Create | Villager (Male) |
| 7:49 | Create | Villager (Male) |
| 7:50 | Create | Villager (Male) |
| 8:04 | Research | Loom |
| 8:05 | Create | Villager (Male) |
| 8:05 | Create | Villager (Male) |
| 8:06 | Create | Villager (Male) |
| 8:06 | Create | Villager (Male) |
| 8:06 | Create | Villager (Male) |
| 8:07 | Create | Villager (Male) |
| 8:07 | Create | Villager (Male) |
| 8:14 | Create | Villager (Male) |
| 8:19 | Build | Settlement |
| 9:32 | Build | Palisade Gate |
| 9:35 | Build | Palisade Wall |
| 9:38 | Build | Palisade Wall |
| 9:41 | Create | Villager (Male) |
| 10:11 | Build | Barracks |
| 10:21 | Create | Villager (Male) |
| 10:21 | Create | Villager (Male) |
| 10:35 | Research | Feudal Age |
| 11:03 | Create | Unit 2550 |
| 11:03 | Create | Unit 2550 |
| 11:12 | Build | Barracks |
| 11:15 | Create | Villager (Male) |
| 11:15 | Create | Villager (Male) |
| 11:43 | Create | Unit 2550 |
| 12:06 | Create | Unit 2550 |
| 12:06 | Create | Unit 2550 |
| 12:07 | Create | Unit 2550 |
| 12:20 | Create | Unit 2550 |
| 12:34 | Build | House |
| 12:45 | Age | Feudal Age |
| 12:56 | Research | Double-Bit Axe |
| 13:07 | Create | Villager (Male) |
| 13:22 | Create | Unit 2550 |
| 13:23 | Create | Unit 2550 |
| 13:41 | Create | Villager (Male) |
| 13:52 | Build | Farm |
| 13:52 | Build | Farm |
| 13:53 | Build | Farm |
| 13:53 | Build | Farm |
| 13:53 | Build | Farm |
| 14:52 | Create | Villager (Male) |
| 14:52 | Create | Villager (Male) |
| 14:53 | Create | Villager (Male) |
| 14:53 | Create | Villager (Male) |
| 14:53 | Create | Villager (Male) |
| 15:09 | Create | Villager (Male) |
| 15:16 | Research | Tech 1402 |
| 15:24 | Build | Settlement |
| 16:41 | Build | Farm |
| 16:42 | Build | Farm |
| 16:42 | Build | Farm |
| 16:42 | Build | Farm |
| 16:43 | Build | Farm |
| 16:43 | Build | Farm |
| 16:43 | Build | Farm |
| 16:43 | Build | Farm |
| 16:44 | Build | Farm |
| 16:44 | Build | Farm |
| 17:41 | Create | Villager (Male) |
| 17:46 | Build | Farm |
| 17:46 | Build | Farm |
| 17:47 | Build | Farm |
| 17:47 | Build | Farm |
| 17:47 | Build | Farm |
| 17:48 | Build | Farm |
| 17:48 | Build | Farm |
| 17:48 | Build | Farm |
| 17:49 | Build | Farm |
| 17:49 | Build | Farm |
| 17:49 | Build | Farm |
| 17:50 | Build | Farm |
| 18:48 | Create | Unit 2550 ×5 |
| 19:25 | Create | Villager (Male) |
| 19:26 | Create | Villager (Male) |
| 19:26 | Create | Villager (Male) |
| 19:38 | Build | Farm |
| 19:38 | Build | Farm |
| 19:38 | Build | Farm |
| 19:38 | Build | Farm |
| 19:39 | Build | Farm |
| 19:39 | Build | Farm |
| 19:39 | Build | Farm |
| 19:40 | Build | Farm |
| 19:49 | Create | Villager (Male) |
| 19:49 | Create | Villager (Male) |
| 19:59 | Create | Unit 2550 |
| 20:32 | Create | Villager (Male) |
| 20:33 | Create | Villager (Male) |
| 20:33 | Create | Villager (Male) |
| 20:59 | Create | Unit 2550 ×4 |
| 21:16 | Create | Villager (Male) |
| 21:56 | Create | Spearman |
| 21:56 | Create | Spearman |
| 21:56 | Create | Spearman |
| 21:57 | Create | Spearman |
| 22:10 | Create | Villager (Male) |
| 22:10 | Create | Villager (Male) |
| 22:10 | Create | Villager (Male) |
| 22:11 | Create | Villager (Male) |
| 22:14 | Build | Gate |
| 22:23 | Build | Stone Wall |
| 22:28 | Build | Stone Wall |
| 22:30 | Create | Villager (Male) |
| 22:40 | Build | Settlement |
| 23:36 | Create | Villager (Male) |
| 23:36 | Create | Villager (Male) |
| 23:36 | Create | Villager (Male) |
| 23:45 | Build | Market |
| 23:58 | Build | Blacksmith |
| 24:36 | Build | Settlement |
| 24:39 | Create | Villager (Male) |
| 24:40 | Create | Villager (Male) |
| 24:44 | Research | Castle Age |
| 25:02 | Build | Barracks |
| 25:14 | Build | Barracks |
| 25:16 | Build | Barracks |
| 26:15 | Create | Villager (Male) |
| 26:15 | Create | Villager (Male) |
| 26:21 | Build | Farm |
| 26:25 | Build | Farm |
| 26:25 | Build | Farm |
| 26:26 | Build | Farm |
| 26:26 | Build | Farm |
Build order — Trooperone1
First 150 of 189 actions detected
| 0:00 | Create | Villager (Male) |
| 0:01 | Create | Villager (Male) |
| 0:02 | Build | House |
| 0:03 | Build | House |
| 0:03 | Create | Villager (Male) |
| 0:03 | Create | Villager (Male) |
| 1:10 | Build | Barracks |
| 1:25 | Create | Villager (Male) |
| 1:52 | Create | Villager (Male) |
| 2:06 | Create | Unit 2550 |
| 2:30 | Create | Villager (Male) |
| 2:46 | Create | Villager (Male) |
| 2:56 | Create | Unit 2550 |
| 3:11 | Research | Loom |
| 3:20 | Create | Villager (Male) |
| 3:29 | Build | House |
| 3:43 | Create | Unit 2550 |
| 4:25 | Create | Villager (Male) |
| 4:26 | Create | Villager (Male) |
| 4:32 | Create | Villager (Male) |
| 5:09 | Create | Villager (Male) |
| 5:24 | Create | Villager (Male) |
| 5:37 | Build | Settlement |
| 5:42 | Create | Villager (Male) |
| 6:07 | Create | Villager (Male) |
| 6:37 | Create | Villager (Male) |
| 6:43 | Build | Farm |
| 7:03 | Create | Villager (Male) |
| 7:14 | Build | Palisade Gate |
| 7:16 | Build | Palisade Wall |
| 7:31 | Create | Villager (Male) |
| 7:41 | Create | Villager (Male) |
| 7:51 | Build | Farm |
| 7:54 | Build | Farm |
| 7:57 | Create | Villager (Male) |
| 8:06 | Build | House |
| 8:16 | Build | Farm |
| 8:18 | Build | Farm |
| 8:27 | Create | Villager (Male) |
| 8:48 | Build | Farm |
| 8:52 | Create | Villager (Male) |
| 8:54 | Build | Farm |
| 9:00 | Create | Villager (Male) |
| 9:14 | Create | Villager (Male) |
| 9:19 | Build | Farm |
| 9:26 | Create | Villager (Male) |
| 9:39 | Create | Villager (Male) |
| 9:54 | Build | Farm |
| 9:57 | Build | Farm |
| 10:09 | Create | Villager (Male) |
| 10:14 | Build | Farm |
| 10:30 | Build | Farm |
| 10:35 | Build | House |
| 10:54 | Create | Villager (Male) |
| 10:58 | Build | Farm |
| 11:05 | Build | Farm |
| 11:24 | Create | Villager (Male) |
| 11:30 | Create | Villager (Male) |
| 11:54 | Create | Villager (Male) |
| 11:57 | Build | Farm |
| 12:21 | Create | Villager (Male) |
| 12:30 | Research | Feudal Age |
| 13:23 | Create | Villager (Male) |
| 13:31 | Build | Barracks |
| 13:46 | Create | Villager (Male) |
| 13:55 | Create | Unit 2550 |
| 14:02 | Build | House |
| 14:03 | Build | House |
| 14:06 | Build | House |
| 14:20 | Create | Villager (Male) |
| 14:28 | Create | Unit 2550 |
| 14:32 | Build | House |
| 14:36 | Create | Unit 2550 |
| 14:37 | Create | Unit 2550 |
| 14:43 | Age | Feudal Age |
| 14:45 | Create | Villager (Male) |
| 14:47 | Research | Tech 1402 |
| 15:03 | Build | Blacksmith |
| 15:12 | Create | Villager (Male) |
| 15:25 | Create | Villager (Male) |
| 15:40 | Create | Unit 2550 |
| 15:50 | Research | Scale Mail Armor |
| 15:51 | Research | Forging |
| 15:52 | Create | Villager (Male) |
| 16:01 | Create | Unit 2550 |
| 16:01 | Create | Unit 2550 |
| 16:13 | Create | Unit 2550 |
| 16:15 | Create | Unit 2550 |
| 16:23 | Research | Horse Collar |
| 16:25 | Research | Double-Bit Axe |
| 16:29 | Create | Unit 2550 |
| 16:29 | Create | Unit 2550 |
| 16:45 | Create | Unit 2550 |
| 16:45 | Create | Unit 2550 |
| 16:54 | Create | Villager (Male) |
| 16:55 | Build | Farm |
| 17:00 | Build | Farm |
| 17:05 | Create | Unit 2550 |
| 17:14 | Build | House |
| 17:34 | Build | Farm |
| 17:36 | Build | House |
| 17:37 | Build | House |
| 17:48 | Create | Villager (Male) |
| 18:14 | Create | Villager (Male) |
| 18:16 | Build | Farm |
| 18:18 | Build | Farm |
| 18:19 | Build | Farm |
| 18:21 | Build | Farm |
| 18:24 | Create | Unit 2550 |
| 18:25 | Create | Unit 2550 |
| 18:33 | Build | House |
| 18:34 | Build | House |
| 18:35 | Create | Villager (Male) |
| 18:35 | Create | Villager (Male) |
| 18:42 | Create | Unit 2550 |
| 18:42 | Create | Unit 2550 |
| 18:51 | Research | Arson |
| 18:56 | Build | Farm |
| 19:11 | Create | Unit 2550 |
| 19:11 | Create | Unit 2550 |
| 19:32 | Build | Stone Wall |
| 19:36 | Build | Farm |
| 19:42 | Create | Villager (Male) |
| 19:47 | Create | Villager (Male) |
| 20:04 | Create | Unit 2550 |
| 20:05 | Create | Unit 2550 |
| 20:05 | Create | Unit 2550 |
| 20:13 | Create | Villager (Male) |
| 20:19 | Create | Unit 2550 |
| 20:19 | Create | Unit 2550 |
| 20:32 | Create | Unit 2550 |
| 20:35 | Create | Villager (Male) |
| 20:43 | Build | Settlement |
| 20:45 | Build | Farm |
| 20:46 | Build | Farm |
| 20:46 | Build | Farm |
| 20:56 | Create | Villager (Male) |
| 21:03 | Create | Villager (Male) |
| 21:09 | Build | Farm |
| 21:11 | Build | Farm |
| 21:38 | Create | Villager (Male) |
| 21:40 | Build | Farm |
| 22:02 | Create | Villager (Male) |
| 22:08 | Build | Stone Wall |
| 22:10 | Build | Stone Wall |
| 22:11 | Build | Stone Wall |
| 22:16 | Build | Gate |
| 22:20 | Create | Villager (Male) |
| 22:23 | Build | Market |
| 22:27 | Build | Farm |
Build order — Gavagai
First 150 of 183 actions detected
| 0:01 | Create | Villager (Male) |
| 0:01 | Create | Villager (Male) |
| 0:03 | Build | House |
| 0:04 | Build | House |
| 0:25 | Create | Villager (Male) |
| 0:33 | Create | Villager (Male) |
| 1:24 | Create | Villager (Male) |
| 1:48 | Build | Lumber Camp |
| 1:56 | Create | Villager (Male) |
| 2:20 | Create | Villager (Male) |
| 3:12 | Create | Villager (Male) |
| 3:18 | Create | Villager (Male) |
| 3:52 | Create | Villager (Male) |
| 4:08 | Build | House |
| 4:09 | Build | House |
| 4:19 | Create | Villager (Male) |
| 4:19 | Create | Villager (Male) |
| 4:35 | Build | Mill |
| 4:37 | Create | Villager (Male) |
| 5:37 | Create | Villager (Male) |
| 5:41 | Build | Palisade Wall |
| 5:46 | Create | Villager (Male) |
| 5:53 | Build | Palisade Gate |
| 5:58 | Build | Palisade Wall |
| 6:12 | Create | Villager (Male) |
| 6:35 | Create | Villager (Male) |
| 7:20 | Build | Farm |
| 7:23 | Create | Villager (Male) |
| 7:24 | Create | Villager (Male) |
| 7:50 | Create | Villager (Male) |
| 7:55 | Build | Lumber Camp |
| 8:13 | Create | Villager (Male) |
| 8:16 | Create | Villager (Male) |
| 8:35 | Build | Farm |
| 8:54 | Build | House |
| 9:05 | Create | Villager (Male) |
| 9:20 | Build | Mining Camp |
| 9:55 | Create | Villager (Male) |
| 10:00 | Create | Villager (Male) |
| 10:26 | Research | Feudal Age |
| 10:41 | Build | Farm |
| 10:44 | Build | Farm |
| 10:45 | Build | Farm |
| 11:20 | Build | Barracks |
| 11:25 | Build | Farm |
| 11:41 | Create | Villager (Male) |
| 11:42 | Create | Villager (Male) |
| 12:22 | Build | Farm |
| 12:41 | Create | Villager (Male) |
| 12:55 | Age | Feudal Age |
| 13:00 | Build | Blacksmith |
| 13:04 | Build | Stable |
| 13:09 | Build | Stone Wall |
| 13:15 | Build | Gate |
| 13:20 | Create | Villager (Male) |
| 13:44 | Build | Stone Wall |
| 14:00 | Research | Castle Age |
| 14:23 | Build | Stone Wall |
| 14:28 | Build | Stable |
| 14:30 | Research | Gold Mining |
| 14:32 | Research | Double-Bit Axe |
| 14:53 | Build | House |
| 15:02 | Build | Farm |
| 15:06 | Build | Farm |
| 15:26 | Build | Farm |
| 15:28 | Create | Villager (Male) |
| 15:34 | Build | House |
| 15:34 | Build | House |
| 15:56 | Research | Scale Barding Armor |
| 16:05 | Build | Farm |
| 16:12 | Build | Farm |
| 16:19 | Create | Villager (Male) |
| 16:22 | Build | Farm |
| 16:40 | Age | Castle Age |
| 16:42 | Create | Knight |
| 16:42 | Create | Knight |
| 16:56 | Build | Farm |
| 17:06 | Create | Knight |
| 17:09 | Create | Villager (Male) |
| 17:12 | Build | Farm |
| 17:15 | Build | Farm |
| 17:27 | Create | Knight |
| 17:29 | Create | Villager (Male) |
| 17:33 | Build | Farm |
| 17:39 | Create | Knight |
| 17:43 | Create | Villager (Male) |
| 17:45 | Build | Farm |
| 18:00 | Create | Knight |
| 18:12 | Build | Farm |
| 18:16 | Create | Knight |
| 18:32 | Build | Farm |
| 18:40 | Create | Knight |
| 18:49 | Create | Villager (Male) |
| 18:50 | Create | Villager (Male) |
| 18:50 | Create | Villager (Male) |
| 18:55 | Build | Farm |
| 19:08 | Research | Chain Barding Armor |
| 19:08 | Research | Chain Barding Armor |
| 19:22 | Create | Villager (Male) |
| 19:23 | Build | House |
| 19:24 | Build | House |
| 19:37 | Build | Farm |
| 19:42 | Create | Knight |
| 19:45 | Create | Villager (Male) |
| 19:57 | Create | Villager (Male) |
| 20:16 | Create | Villager (Male) |
| 20:17 | Create | Knight |
| 20:24 | Build | Farm |
| 20:25 | Create | Villager (Male) |
| 20:30 | Build | Town Center |
| 20:49 | Create | Knight |
| 20:50 | Create | Villager (Male) |
| 20:52 | Create | Villager (Male) |
| 20:54 | Create | Villager (Male) |
| 21:05 | Research | Husbandry |
| 21:17 | Create | Knight |
| 21:21 | Create | Villager (Male) |
| 21:41 | Create | Knight |
| 21:44 | Create | Villager (Male) |
| 21:55 | Build | Town Center |
| 22:16 | Create | Knight |
| 22:19 | Create | Villager (Male) |
| 22:21 | Research | Wheelbarrow |
| 22:36 | Research | Forging |
| 22:37 | Create | Villager (Male) |
| 22:39 | Build | Farm |
| 22:44 | Create | Villager (Male) |
| 23:03 | Create | Knight |
| 23:10 | Build | Farm |
| 23:10 | Create | Villager (Male) |
| 23:13 | Create | Knight |
| 23:19 | Build | Farm |
| 23:35 | Create | Knight |
| 23:37 | Create | Knight |
| 23:37 | Create | Knight |
| 23:43 | Build | House |
| 23:56 | Create | Villager (Male) |
| 23:59 | Build | House |
| 24:06 | Build | Farm |
| 24:13 | Create | Knight |
| 24:22 | Create | Villager (Male) |
| 24:24 | Build | Farm |
| 24:26 | Build | Farm |
| 24:32 | Create | Knight |
| 24:37 | Create | Knight |
| 24:42 | Create | Villager (Male) |
| 25:04 | Create | Villager (Male) |
| 25:05 | Create | Knight |
| 25:05 | Create | Knight |
| 25:14 | Create | Villager (Male) |
Build order — mictlantecuhtli
First 150 of 156 actions detected
| 0:07 | Create | Villager (Male) ×4 |
| 0:10 | Build | House |
| 0:11 | Build | House |
| 1:39 | Create | Villager (Male) |
| 1:40 | Create | Villager (Male) |
| 2:08 | Create | Villager (Male) |
| 2:09 | Create | Villager (Male) |
| 2:09 | Create | Villager (Male) |
| 2:32 | Create | Villager (Male) |
| 2:32 | Create | Villager (Male) |
| 3:04 | Build | Lumber Camp |
| 3:07 | Create | Villager (Male) |
| 3:07 | Create | Villager (Male) |
| 3:07 | Create | Villager (Male) |
| 3:29 | Build | House |
| 3:47 | Create | Villager (Male) |
| 4:08 | Create | Villager (Male) |
| 4:17 | Create | Villager (Male) |
| 4:31 | Create | Villager (Male) |
| 4:34 | Create | Villager (Male) |
| 4:39 | Build | House |
| 5:26 | Build | Palisade Wall |
| 5:28 | Build | Palisade Wall |
| 5:30 | Build | Palisade Wall |
| 5:32 | Build | Palisade Wall |
| 5:33 | Build | Palisade Wall |
| 5:51 | Build | Mill |
| 6:03 | Create | Villager (Male) |
| 6:37 | Research | Loom |
| 6:38 | Research | Loom |
| 7:15 | Research | Feudal Age |
| 8:04 | Build | Barracks |
| 8:20 | Create | Villager (Male) |
| 8:21 | Create | Villager (Male) |
| 8:46 | Create | Villager (Male) |
| 9:15 | Build | Mining Camp |
| 9:25 | Age | Feudal Age |
| 9:26 | Create | Villager (Male) |
| 9:34 | Build | Archery Range |
| 9:37 | Build | House |
| 9:44 | Research | Double-Bit Axe |
| 9:51 | Create | Villager (Male) |
| 9:57 | Build | House |
| 10:15 | Build | House |
| 10:17 | Build | House |
| 10:19 | Build | Palisade Wall |
| 10:22 | Build | Palisade Gate |
| 10:26 | Create | Villager (Male) |
| 10:35 | Create | Archer |
| 10:35 | Create | Archer |
| 10:49 | Create | Villager (Male) |
| 11:15 | Build | Blacksmith |
| 11:20 | Build | Palisade Wall |
| 11:26 | Create | Villager (Male) |
| 11:27 | Create | Archer |
| 11:46 | Create | Villager (Male) |
| 11:50 | Build | Farm |
| 12:12 | Create | Archer |
| 12:41 | Create | Villager (Male) |
| 12:42 | Create | Villager (Male) |
| 12:51 | Research | Horse Collar |
| 12:55 | Research | Fletching |
| 12:55 | Research | Fletching |
| 12:56 | Create | Archer |
| 12:57 | Create | Archer |
| 13:12 | Build | Farm |
| 13:19 | Build | Farm |
| 13:23 | Create | Villager (Male) |
| 13:33 | Create | Archer |
| 13:53 | Create | Villager (Male) |
| 14:17 | Create | Villager (Male) |
| 14:32 | Create | Villager (Male) |
| 14:38 | Research | Horse Collar |
| 14:38 | Research | Horse Collar |
| 14:44 | Create | Archer |
| 15:09 | Create | Villager (Male) |
| 15:11 | Build | Farm |
| 15:14 | Build | Farm |
| 15:42 | Create | Villager (Male) |
| 15:45 | Build | Farm |
| 15:48 | Build | House |
| 15:51 | Build | House |
| 16:02 | Create | Archer |
| 16:19 | Create | Villager (Male) |
| 16:50 | Create | Archer |
| 17:03 | Create | Villager (Male) |
| 17:04 | Create | Villager (Male) |
| 17:05 | Build | Farm |
| 17:10 | Build | House |
| 17:11 | Build | House |
| 17:14 | Build | Farm |
| 17:35 | Create | Archer |
| 17:47 | Create | Archer |
| 18:22 | Create | Archer |
| 18:30 | Create | Archer |
| 18:37 | Build | House |
| 18:43 | Build | Farm |
| 18:43 | Build | Farm |
| 18:43 | Build | Farm |
| 18:44 | Build | Farm |
| 18:44 | Build | Farm |
| 18:50 | Create | Villager (Male) |
| 18:52 | Create | Archer |
| 18:58 | Build | Farm |
| 19:24 | Build | House |
| 19:26 | Build | Market |
| 19:29 | Build | House |
| 20:10 | Build | Archery Range |
| 20:29 | Build | Stone Wall |
| 20:42 | Create | Archer |
| 20:42 | Create | Archer |
| 20:43 | Create | Archer |
| 21:10 | Create | Archer |
| 21:22 | Create | Archer |
| 21:24 | Research | Castle Age |
| 21:24 | Research | Castle Age |
| 22:03 | Create | Archer |
| 22:11 | Build | Archery Range |
| 22:31 | Research | Scale Barding Armor |
| 23:06 | Research | Gold Mining |
| 23:36 | Create | Villager (Male) |
| 23:37 | Create | Villager (Male) |
| 24:04 | Age | Castle Age |
| 24:08 | Create | Villager (Male) |
| 24:14 | Create | Cavalry Archer |
| 24:15 | Create | Cavalry Archer |
| 24:15 | Create | Cavalry Archer |
| 24:16 | Create | Cavalry Archer |
| 24:36 | Build | Town Center |
| 24:39 | Research | Bodkin Arrow |
| 24:39 | Research | Bodkin Arrow |
| 24:40 | Create | Villager (Male) |
| 24:43 | Research | Bow Saw |
| 24:57 | Create | Villager (Male) |
| 25:21 | Build | Town Center |
| 25:24 | Create | Villager (Male) |
| 25:43 | Create | Villager (Male) |
| 25:49 | Create | Cavalry Archer |
| 25:49 | Create | Cavalry Archer |
| 26:02 | Build | House |
| 26:03 | Build | House |
| 26:04 | Build | House |
| 26:06 | Build | House |
| 26:07 | Build | House |
| 26:09 | Build | Palisade Gate |
| 26:14 | Create | Cavalry Archer |
| 26:15 | Create | Cavalry Archer |
| 26:18 | Create | Villager (Male) |
| 26:19 | Create | Villager (Male) |
| 26:19 | Create | Villager (Male) |
Build order — Taulipang
111 actions detected in the replay
| 0:01 | Create | Villager (Male) |
| 0:01 | Create | Villager (Male) |
| 0:02 | Create | Villager (Male) |
| 0:04 | Build | House |
| 0:06 | Build | House |
| 1:02 | Create | Villager (Male) |
| 1:27 | Create | Villager (Male) |
| 1:57 | Create | Villager (Male) |
| 2:15 | Build | Settlement |
| 2:31 | Create | Villager (Male) |
| 3:18 | Create | Villager (Male) |
| 3:44 | Create | Villager (Male) |
| 4:02 | Create | Villager (Male) |
| 4:23 | Create | Villager (Male) |
| 4:35 | Build | Palisade Wall |
| 4:40 | Build | Palisade Gate |
| 4:45 | Create | Villager (Male) |
| 4:58 | Create | Villager (Male) |
| 6:03 | Build | Settlement |
| 6:06 | Create | Villager (Male) |
| 6:06 | Create | Villager (Male) |
| 6:49 | Create | Villager (Male) |
| 7:06 | Create | Villager (Male) |
| 7:09 | Research | Loom |
| 7:28 | Build | Settlement |
| 8:30 | Build | Settlement |
| 8:35 | Research | Feudal Age |
| 9:37 | Build | Barracks |
| 10:14 | Create | Villager (Male) |
| 10:45 | Age | Feudal Age |
| 10:49 | Build | Archery Range |
| 10:57 | Create | Spearman |
| 11:02 | Research | Double-Bit Axe |
| 11:03 | Research | Gold Mining |
| 11:06 | Create | Villager (Male) |
| 11:17 | Create | Villager (Male) |
| 11:36 | Create | Archer |
| 11:36 | Create | Archer |
| 11:59 | Create | Villager (Male) |
| 12:09 | Build | Blacksmith |
| 12:17 | Create | Archer |
| 12:25 | Create | Villager (Male) |
| 12:41 | Create | Archer |
| 12:49 | Build | Archery Range |
| 12:58 | Create | Villager (Male) |
| 13:17 | Build | Farm |
| 13:20 | Build | Farm |
| 13:22 | Build | Farm |
| 13:34 | Research | Fletching |
| 13:43 | Create | Archer |
| 13:43 | Create | Archer |
| 14:09 | Create | Villager (Male) |
| 14:50 | Build | Stone Wall |
| 15:09 | Create | Villager (Male) |
| 15:09 | Create | Villager (Male) |
| 15:24 | Build | Stone Wall |
| 15:37 | Create | Archer |
| 15:38 | Create | Archer |
| 15:38 | Create | Archer |
| 15:41 | Create | Villager (Male) |
| 15:48 | Build | Settlement |
| 16:02 | Create | Archer |
| 16:46 | Create | Villager (Male) |
| 16:53 | Create | Villager (Male) |
| 16:59 | Build | Market |
| 17:19 | Create | Villager (Male) |
| 17:39 | Create | Villager (Male) |
| 18:10 | Build | Stone Wall |
| 18:25 | Build | Farm |
| 18:25 | Build | Farm |
| 18:28 | Build | Farm |
| 18:29 | Build | Farm |
| 18:36 | Create | Villager (Male) |
| 18:41 | Build | Farm |
| 18:47 | Research | Horse Collar |
| 19:17 | Create | Villager (Male) |
| 19:34 | Create | Villager (Male) |
| 19:39 | Build | Farm |
| 19:40 | Build | Farm |
| 19:40 | Build | Farm |
| 20:34 | Create | Archer |
| 20:34 | Create | Archer |
| 20:34 | Create | Archer |
| 20:35 | Create | Archer |
| 20:37 | Create | Villager (Male) |
| 20:58 | Research | Padded Archer Armor |
| 21:10 | Build | Stone Wall |
| 21:20 | Build | Gate |
| 22:00 | Build | Stone Wall |
| 22:13 | Research | Castle Age |
| 22:21 | Create | Archer |
| 22:21 | Create | Archer |
| 22:21 | Create | Archer |
| 22:21 | Create | Archer |
| 22:34 | Build | Settlement |
| 22:46 | Research | Stone Mining |
| 23:51 | Build | Archery Range |
| 24:17 | Create | Villager (Male) |
| 24:27 | Create | Archer |
| 24:28 | Create | Archer |
| 24:53 | Age | Castle Age |
| 25:43 | Research | Crossbowman (upgrade) |
| 25:48 | Research | Bodkin Arrow |
| 25:56 | Create | Archer |
| 25:56 | Create | Archer |
| 25:56 | Create | Archer |
| 25:56 | Create | Archer |
| 25:59 | Create | Archer |
| 25:59 | Create | Archer |
| 26:58 | Create | Archer |
| 26:58 | Create | Archer |
Build order — [LPDA] Heraldo
149 actions detected in the replay
| 0:00 | Create | Villager (Male) |
| 0:00 | Create | Villager (Male) |
| 0:01 | Create | Villager (Male) |
| 0:01 | Create | Villager (Male) |
| 0:01 | Create | Villager (Male) |
| 0:02 | Build | House |
| 0:02 | Build | House |
| 1:32 | Create | Villager (Male) |
| 1:32 | Create | Villager (Male) |
| 1:33 | Create | Villager (Male) |
| 1:33 | Create | Villager (Male) |
| 2:00 | Create | Villager (Male) |
| 2:02 | Create | Villager (Male) |
| 2:02 | Create | Villager (Male) |
| 2:02 | Create | Villager (Male) |
| 2:19 | Build | Lumber Camp |
| 2:45 | Create | Villager (Male) |
| 2:45 | Create | Villager (Male) |
| 2:45 | Create | Villager (Male) |
| 2:46 | Create | Villager (Male) |
| 2:46 | Create | Villager (Male) |
| 2:46 | Create | Villager (Male) |
| 3:01 | Create | Villager (Male) |
| 3:01 | Create | Villager (Male) |
| 3:14 | Create | Villager (Male) |
| 3:14 | Create | Villager (Male) |
| 3:14 | Create | Villager (Male) |
| 3:14 | Create | Villager (Male) |
| 3:44 | Create | Villager (Male) |
| 3:44 | Create | Villager (Male) |
| 3:44 | Create | Villager (Male) |
| 3:58 | Build | House |
| 4:04 | Create | Villager (Male) |
| 4:04 | Create | Villager (Male) |
| 4:04 | Create | Villager (Male) |
| 4:29 | Create | Villager (Male) |
| 4:38 | Build | House |
| 5:05 | Build | Mill |
| 5:19 | Create | Villager (Male) |
| 5:19 | Create | Villager (Male) |
| 6:04 | Create | Villager (Male) |
| 6:28 | Create | Villager (Male) |
| 6:28 | Create | Villager (Male) |
| 7:14 | Build | House |
| 7:45 | Create | Villager (Male) |
| 7:45 | Create | Villager (Male) |
| 7:46 | Create | Villager (Male) |
| 8:12 | Build | Palisade Gate |
| 8:29 | Build | Mining Camp |
| 8:38 | Create | Villager (Male) |
| 9:13 | Create | Villager (Male) |
| 9:57 | Create | Villager (Male) |
| 9:57 | Create | Villager (Male) |
| 9:58 | Research | Loom |
| 10:02 | Build | Farm |
| 10:05 | Build | Farm |
| 10:11 | Research | Feudal Age |
| 10:11 | Research | Feudal Age |
| 10:19 | Build | Farm |
| 10:23 | Build | Farm |
| 10:28 | Build | Farm |
| 10:41 | Build | Farm |
| 11:46 | Build | House |
| 12:01 | Create | Villager (Male) |
| 12:32 | Age | Feudal Age |
| 12:35 | Build | Market |
| 12:38 | Build | Blacksmith |
| 12:43 | Build | Blacksmith |
| 12:49 | Create | Villager (Male) |
| 13:21 | Research | Castle Age |
| 13:21 | Research | Castle Age |
| 13:37 | Build | Farm |
| 13:53 | Build | Farm |
| 13:55 | Build | Farm |
| 14:32 | Build | House |
| 14:34 | Build | House |
| 15:10 | Build | Barracks |
| 15:45 | Build | Archery Range |
| 15:53 | Create | Villager (Male) |
| 16:02 | Age | Castle Age |
| 16:08 | Build | Monastery |
| 16:24 | Create | Villager (Male) |
| 16:49 | Create | Villager (Male) |
| 16:57 | Create | Villager (Male) |
| 17:09 | Build | Siege Workshop |
| 17:46 | Research | Imperial Age |
| 17:46 | Research | Imperial Age |
| 18:00 | Build | Mining Camp |
| 18:37 | Create | Battering Ram |
| 18:44 | Research | Double-Bit Axe |
| 18:44 | Research | Double-Bit Axe |
| 19:10 | Research | Horse Collar |
| 19:11 | Research | Horse Collar |
| 19:11 | Research | Horse Collar |
| 19:53 | Build | Archery Range |
| 19:56 | Create | Villager (Male) |
| 20:26 | Create | Villager (Male) |
| 20:27 | Create | Villager (Male) |
| 20:56 | Age | Imperial Age |
| 20:58 | Create | Hand Cannoneer |
| 20:58 | Create | Hand Cannoneer |
| 21:00 | Create | Bombard Cannon |
| 21:03 | Create | Hand Cannoneer |
| 21:19 | Build | Farm |
| 21:22 | Build | Farm |
| 21:32 | Create | Hand Cannoneer |
| 21:33 | Create | Hand Cannoneer |
| 21:37 | Create | Villager (Male) |
| 21:39 | Research | Town Watch |
| 21:39 | Research | Town Watch |
| 21:40 | Research | Town Watch |
| 21:43 | Build | House |
| 22:13 | Create | Villager (Male) |
| 22:13 | Create | Villager (Male) |
| 22:16 | Create | Hand Cannoneer |
| 22:16 | Create | Hand Cannoneer |
| 22:31 | Create | Hand Cannoneer |
| 22:32 | Create | Hand Cannoneer |
| 22:40 | Create | Villager (Male) |
| 22:43 | Build | Farm |
| 22:45 | Create | Bombard Cannon |
| 22:49 | Build | House |
| 22:53 | Research | Loom |
| 23:18 | Create | Hand Cannoneer |
| 23:18 | Create | Hand Cannoneer |
| 23:18 | Create | Hand Cannoneer |
| 23:32 | Create | Hand Cannoneer |
| 23:32 | Create | Hand Cannoneer |
| 23:33 | Create | Hand Cannoneer |
| 23:50 | Create | Hand Cannoneer |
| 23:50 | Create | Hand Cannoneer |
| 24:17 | Create | Hand Cannoneer |
| 24:17 | Create | Hand Cannoneer |
| 24:27 | Create | Hand Cannoneer |
| 24:27 | Create | Hand Cannoneer |
| 24:49 | Create | Villager (Male) |
| 24:49 | Create | Villager (Male) |
| 24:50 | Build | House |
| 24:53 | Build | Mining Camp |
| 24:59 | Build | Mining Camp |
| 25:26 | Build | Mining Camp |
| 25:27 | Create | Villager (Male) |
| 25:27 | Create | Villager (Male) |
| 25:28 | Create | Villager (Male) |
| 25:44 | Create | Hand Cannoneer |
| 25:44 | Create | Hand Cannoneer |
| 25:48 | Build | Farm |
| 26:02 | Create | Hand Cannoneer |
| 26:03 | Create | Hand Cannoneer |
Match timeline
| 1:10 | Trooperone1 · first_building Barracks |
| 4:35 | Taulipang · wall_segment Palisade Wall x15 |
| 5:26 | mictlantecuhtli · wall_segment Palisade Wall x1 |
| 5:28 | mictlantecuhtli · wall_segment Palisade Wall x1 |
| 5:30 | mictlantecuhtli · wall_segment Palisade Wall x1 |
| 5:32 | mictlantecuhtli · wall_segment Palisade Wall x1 |
| 5:33 | mictlantecuhtli · wall_segment Palisade Wall x1 |
| 5:41 | Gavagai · wall_segment Palisade Wall x5 |
| 5:58 | Gavagai · wall_segment Palisade Wall x4 |
| 7:16 | Trooperone1 · wall_segment Palisade Wall x10 |
| 8:04 | mictlantecuhtli · first_building Barracks |
| 9:25 | mictlantecuhtli · age_up feudal |
| 9:34 | mictlantecuhtli · first_building Archery Range |
| 9:35 | TheSaltMill · wall_segment Palisade Wall x5 |
| 9:37 | Taulipang · first_building Barracks |
| 9:38 | TheSaltMill · wall_segment Palisade Wall x7 |
| 10:11 | TheSaltMill · first_building Barracks |
| 10:19 | mictlantecuhtli · wall_segment Palisade Wall x1 |
| 10:45 | Taulipang · age_up feudal |
| 10:49 | Taulipang · first_building Archery Range |
| 11:20 | Gavagai · first_building Barracks |
| 11:20 | mictlantecuhtli · wall_segment Palisade Wall x1 |
| 12:32 | [LPDA] Heraldo · age_up feudal |
| 12:45 | TheSaltMill · age_up feudal |
| 12:55 | Gavagai · age_up feudal |
| 13:04 | Gavagai · first_building Stable |
| 13:09 | Gavagai · wall_segment Stone Wall x4 |
| 13:44 | Gavagai · wall_segment Stone Wall x3 |
| 13:44 | [LPDA] Heraldo · first_market_sell 100 stone |
| 13:47 | [LPDA] Heraldo · first_market_buy 100 food |
| 14:23 | Gavagai · wall_segment Stone Wall x1 |
| 14:43 | Trooperone1 · age_up feudal |
| 14:50 | Taulipang · wall_segment Stone Wall x3 |
| 15:10 | [LPDA] Heraldo · first_building Barracks |
| 15:24 | Taulipang · wall_segment Stone Wall x14 |
| 15:45 | [LPDA] Heraldo · first_building Archery Range |
| 16:02 | [LPDA] Heraldo · age_up castle |
| 16:08 | [LPDA] Heraldo · first_building Monastery |
| 16:40 | Gavagai · age_up castle |
| 17:09 | [LPDA] Heraldo · first_building Siege Workshop |
| 18:10 | Taulipang · wall_segment Stone Wall x15 |
| 19:32 | Trooperone1 · wall_segment Stone Wall x8 |
| 20:29 | mictlantecuhtli · wall_segment Stone Wall x4 |
| 20:56 | [LPDA] Heraldo · age_up imperial |
| 21:10 | Taulipang · wall_segment Stone Wall x14 |
| 22:00 | Taulipang · wall_segment Stone Wall x8 |
| 22:08 | Trooperone1 · wall_segment Stone Wall x1 |
| 22:10 | Trooperone1 · wall_segment Stone Wall x1 |
| 22:11 | Trooperone1 · wall_segment Stone Wall x1 |
| 22:23 | TheSaltMill · wall_segment Stone Wall x6 |
| 22:28 | TheSaltMill · wall_segment Stone Wall x6 |
| 23:41 | Trooperone1 · first_market_buy 100 food |
| 24:04 | mictlantecuhtli · age_up castle |
| 24:53 | Taulipang · age_up castle |
| 25:07 | mictlantecuhtli · first_market_buy 100 stone |
| 26:32 | Trooperone1 · age_up castle |
| 26:37 | Trooperone1 · first_building Archery Range |
| 27:07 | mictlantecuhtli · first_building Siege Workshop |
| 27:19 | Trooperone1 · resign |
| 27:23 | TheSaltMill · age_up castle |
[ AI ANALYSIS · 1 CREDIT ]
What really happened in this match?
Wolo.gg analyzes every decision: build order, eco, micro, common mistakes by bracket. Personalized analysis on WhatsApp or Discord in 30 seconds.
Civ guide
Muisca
Perfil
Jugador #706749